 Dungeon Crawl Stone Soup version 0.28.0-45-g0d030f2227 (webtiles) character file.

Game seed: 3052766084416553396

28 Saba the Shooter (level 3, 0/19 HPs)
             Began as a Gargoyle Hunter on Apr 8, 2022.
             Slain by a gnoll
             ... wielding a +0 spear
              (1 damage)
             ... on level 2 of the Dungeon.
             The game lasted 00:01:13 (1658 turns).

Saba the Shooter (Gargoyle Hunter)                  Turns: 1658, Time: 00:01:14

Health: 0/19       AC:  6    Str: 17    XL:     3   Next: 14%
Magic:  3/3        EV: 11    Int: 11    God:
Gold:   75         SH:  0    Dex: 10    Spells: 2/2 levels left

rFire   . . .      SeeInvis .   a - +1 shortbow
rCold   . . .      Faith    .   (shield currently unavailable)
rNeg    + . .      Spirit   .   c - +0 leather armour
rPois   ∞          Reflect  .   (helmet restricted)
rElec   +          Harm     .   (no cloak)
rCorr   .          Rampage  .   (no gloves)
Will    .....      Clarity  +   (no boots)
Stlth   +......... Rnd*Tele +   (no amulet)
HPRegen 0.06/turn               (no ring)
MPRegen 0.08/turn               (no ring)

@: no status effects
A: sickness immunity, AC +3, negative energy resistance 1, electricity
resistance, torment resistance 1, petrification resistance, antennae 1, clarity,
frail 1, teleportitis 1
a: no special abilities


You were on level 2 of the Dungeon.
You visited 1 branch of the dungeon, and saw 2 of its levels.

You collected 75 gold pieces.

Inventory:

Hand Weapons
 a - a +1 shortbow (weapon)
 b - a +0 short sword
Missiles
 d - 19 arrows (quivered ammo)
Armour
 c - a +0 leather armour (worn)
Scrolls
 e - 2 scrolls of identify {unknown}
 g - a scroll of immolation {unknown}
 h - a scroll of fear {unknown}
 i - a scroll of enchant armour {unknown}


   Skills:
 + Level 2.6 Fighting
 + Level 4.2 Bows
 + Level 1.2 Armour
 + Level 2.0 Dodging
 - Level 1.1 Stealth


You had 2 spell levels left.
You didn't know any spells.
Your spell library was empty.

Dungeon Overview and Level Annotations

Branches:
Dungeon (2/15)

Altars:


Innate Abilities, Weirdness & Mutations

You are immune to sickness and miasma.
Your stone body is resilient. (AC +3)
You are immune to poison.
You resist negative energy. (rN+)
You are resistant to electric shocks. (rElec)
You are resistant to unholy torment.
You are immune to petrification.
You have a pair of small antennae on your head.
You possess an exceptional clarity of mind.
You are frail. (-10% HP)
You are occasionally teleported next to monsters.


Message History

The adder barely misses you. The gnoll barely misses you.
Fire: 23 arrows
Press: ? - help, Q - select action Shift-Dir - straight line, f - gnoll, p - adder
Aim: a gnoll, wielding a +0 spear (severely wounded, 64% to hit)
You shoot an arrow.
The arrow hits the adder but does no damage.
The adder is moderately wounded.
The adder bites you but does no damage. The adder barely misses you.
The gnoll hits you from afar with a +0 spear.
Fire: 22 arrows
Press: ? - help, Q - select action Shift-Dir - straight line, f/p - gnoll
Aim: a gnoll, wielding a +0 spear (severely wounded, 64% to hit)
You shoot an arrow. The arrow barely misses the adder.
The arrow hits the gnoll.
The gnoll is severely wounded.
The adder bites you.
* * * LOW HITPOINT WARNING * * *
The gnoll closely misses you.
Unknown command.
Fire: 21 arrows
Press: ? - help, Q - select action Shift-Dir - straight line, f/p - gnoll
Aim: a gnoll, wielding a +0 spear (severely wounded, 64% to hit)
You shoot an arrow. The arrow hits the adder.
The adder is almost dead.
The adder bites you but does no damage. The gnoll completely misses you.
The adder bites you.
* * * LOW HITPOINT WARNING * * *
It was a potion of mutation.
You feel extremely strange.
You feel weirdly uncertain.
Your thoughts seem clearer.
You feel frail. A pair of antennae grows on your head!
The gnoll hits you from afar with a +0 spear.
* * * LOW HITPOINT WARNING * * *
The adder barely misses you.
Fire: 20 arrows
Press: ? - help, Q - select action Shift-Dir - straight line, f/p - gnoll
Aim: a gnoll, wielding a +0 spear (severely wounded, 64% to hit)
You shoot an arrow. The arrow hits the adder.
You kill the adder!
The gnoll hits you from afar with a +0 spear.
You die...

#.# #..............# #.#
###............. #.##
#..#........... #..#
####.##.......>... ##.#
###....##........... #.#
#...#####..........#
#.######.### ###......$(..#
#.#...)..#####.............
#...###...@(g((###.###.###.
##......#########..# #.#
##.##### #.... ... #.#
#.......g. #.# #..........
#.# #........... #.#
............ .. .......g...


You could see a gnoll.

Vanquished Creatures
  An adder (D:2)
  2 endoplasms (D:1)
  3 giant cockroaches
  2 goblins
  4 hobgoblins (D:1)
  4 jackals (D:1)
  A ball python (D:1)
  A bat (D:1)
  2 kobolds (D:2)
  7 rats
27 creatures vanquished.

Notes
Turn   | Place    | Note
-------+----------+-------------------------------------------
     0 | D:1      | Saba the Gargoyle Hunter began the quest for the Orb.
     0 | D:1      | Reached XP level 1. HP: 12/12 MP: 1/1
   366 | D:1      | Reached XP level 2. HP: 18/18 MP: 2/2
   789 | D:1      | Reached skill level 1 in Armour
  1350 | D:2      | Found a faded altar of an unknown god.
  1368 | D:2      | Reached XP level 3. HP: 22/22 MP: 3/3
  1657 | D:2      | Gained mutation: You are occasionally teleported next to
                  | monsters. [potion of mutation]
  1657 | D:2      | Gained mutation: You possess an exceptional clarity of
                  | mind. [potion of mutation]
  1657 | D:2      | Gained mutation: You are frail. (-10% HP) [potion of
                  | mutation]
  1657 | D:2      | Gained mutation: You have a pair of small antennae on your
                  | head. [potion of mutation]
  1658 | D:2      | Slain by a gnoll

Illustrated notes

Levels and vault maps discovered:
D:1:      dpeg_arrival_leaves_temple_mockup, layout_loops_ring
D:2:      minmay_angry_zag, layout_rooms, basic_ecumenical_altar, uniq_jessica,
          uniq_crazy_yiuf_cottage

Skill      XL: |  1  2  3 |
---------------+----------+-----
Armour         | 1 |  1.2
Dodging        | 2 |  2.0
Fighting       | |  2.6
Bows           | |  4.2
Stealth        | |  1.1

Action                   || total
-------------------------++-------
Melee: Short sword       ||   101
       Punch             ||     1
 Fire: Shortbow          ||    13
  Use: Potion            ||     1
 Stab: Sleeping          ||     1
Armor: Leather armour    ||    49
Dodge: Dodged            ||    78
